 Dungeon Crawl Stone Soup version 0.27-a0-419-g7a85846853 (webtiles) character file.

Game seed: 15160476373430191646

9 Chiseanne the Skirmisher (level 2, -4/25 HPs)
             Began as a Demonspawn Wanderer on Feb 26, 2021.
             Slain by a worm (12 damage)
             ... on level 2 of the Dungeon.
             The game lasted 00:00:33 (277 turns).

Chiseanne the Skirmisher (Demonspawn Wanderer)       Turns: 277, Time: 00:00:33

Health: -4/25      AC:  2    Str: 12    XL:     2   Next: 6%
Magic:  2/2        EV: 15    Int: 10    God:
Gold:   0          SH:  0    Dex: 15    Spells: 1/1 levels left

rFire    . . .     SeeInvis .   a - +2 short sword
rCold    . . .     Faith    .   (no shield)
rNeg     . . .     Spirit   .   d - +0 robe
rPois    .         Reflect  .   (no helmet)
rElec    .         Harm     .   (no cloak)
rCorr    .         Rampage  .   (no gloves)
Will     .....                  (no boots)
Stlth    +.........             (no amulet)
HPRegen  0.08/turn              (no ring)
MPRegen  0.08/turn              (no ring)

@: no status effects
A: repulsion field 1
a: no special abilities


You were on level 2 of the Dungeon.
You visited 1 branch of the dungeon, and saw 2 of its levels.

Inventory:

Hand Weapons
 a - a +2 short sword (weapon)
Missiles
 f - 4 stones (quivered)
Armour
 d - a +0 robe (worn)
Jewellery
 e - a ring of willpower
Potions
 b - a potion of lignification
 c - a potion of curing


   Skills:
 * Level 4.2 Fighting
 - Level 1.0 Short Blades
 - Level 1.0 Throwing
 * Level 1.0 Armour
 - Level 2.6 Dodging
 - Level 1.0 Evocations


You had one spell level left.
You didn't know any spells.
Your spell library was empty.

Dungeon Overview and Level Annotations

Branches:
Dungeon (1/15)

Altars:
Zin


Innate Abilities, Weirdness & Mutations

You are surrounded by a mild repulsion field. (EV +2)


Message History

You puncture the worm!
The worm is heavily wounded.
The worm bites you!
You hit the worm.
The worm is heavily wounded.
The worm closely misses you.
You hit the worm.
The worm is heavily wounded.
You hit the worm but do no damage.
The worm is heavily wounded.
The worm bites you.
You are too injured to fight recklessly!
You are too injured to fight recklessly!
You are too injured to fight recklessly!
You are too injured to fight recklessly!
You are too injured to fight recklessly!
You are too injured to fight recklessly!
You are too injured to fight recklessly!
You are too injured to fight recklessly!
You are too injured to fight recklessly!
You are too injured to fight recklessly!
You are too injured to fight recklessly!
You are too injured to fight recklessly!
You are too injured to fight recklessly!
You are too injured to fight recklessly!
You are too injured to fight recklessly!
You are too injured to fight recklessly!
You are too injured to fight recklessly!
You hit the worm.
The worm is heavily wounded.
The worm bites you.
You hit the worm.
The worm is heavily wounded.
You hit the worm.
The worm is severely wounded.
The worm closely misses you.
You hit the worm.
The worm is almost dead.
The worm bites you!
You die...

♣........# #
♣_.....#.## .#
♣......#..##.#
#.♣....)......#
#♣...).......#
#............#
##...##......#
######......#
#@.....#
#w.....#
.......#
..........
.....#.....#
......#...#..
.......##..#
........# #>#


You could see a worm.

Vanquished Creatures
  4 goblins
  3 kobolds
  3 rats
10 creatures vanquished.

Notes
Turn   | Place    | Note
-------+----------+-------------------------------------------
     0 | D:1      | Chiseanne the Demonspawn Wanderer began the quest for the
                  | Orb.
     0 | D:1      | Chiseanne set off with the following items: a +2 short
                  | sword, a potion of lignification, a potion of curing, a +0
                  | robe
     0 | D:1      | Reached XP level 1. HP: 19/19 MP: 1/1
   218 | D:1      | You fall into a shaft and drop 1 floor!
   218 | D:2      | Found a glowing silver altar of Zin.
   234 | D:2      | Reached skill level 1 in Armour
   234 | D:2      | Gained mutation: You are surrounded by a mild repulsion
                  | field. (EV +2) [demonic ancestry]
   234 | D:2      | Reached XP level 2. HP: 21/25 MP: 2/2
   277 | D:2      | Slain by a worm

Illustrated notes

Levels and vault maps discovered:
D:1:      eino_arrival_cavern_a, layout_loops_ring, serial_co_window_serial,
          co_window_paths_b, co_window_of_opportunity_a, co_window_corner_a,
          co_window_paths_a, co_window_corner_a, co_window_broadway_b,
          co_window_corner_ca, co_window_unsneaky_path_a, co_window_corner_ca,
          co_window_broadway_c, glass_columns_b, glass_columns_b,
          glass_columns_b, glass_columns_b
D:2:      lemuel_upstairs_altar, layout_basic, zin_academy,
          chequers_ecumenical_altar_simple, kennysheep_minor_cross,
          yredelemnul_altar_generic

Skill      XL: |  1 |
---------------+----+-----
Armour         | 1 |  1.0
Fighting       | |  4.2
Short Blades   | |  1.0
Throwing       | |  1.0
Dodging        | |  2.6
Evocations     | |  1.0

Action                   || total
-------------------------++-------
Melee: Short sword       ||    37
Armor: Robe              ||     1
Dodge: Dodged            ||    19

Table legend: (Time is in decaauts)
 A = Elapsed time spent in this place.
 B = Non-inter-level travel time spent in this place.
 C = Inter-level travel time spent in this place.
 D = Time resting spent in this place.
 E = Time spent auto-exploring this place.
 F = Levels seen in this place.
 G = Mean time per level.
                   A        B        C        D        E       F      G
               +--------+--------+--------+--------+--------+-----+--------+
         Total |    278 |    278 |      0 |      0 |    213 |   2 |  139.0 |
       Dungeon |    278 |    278 |      0 |      0 |    213 |   2 |  139.0 |
               +--------+--------+--------+--------+--------+-----+--------+

Top non-repeatable levels by time:
     D:1: 218 daAuts
     D:2: 60 daAuts
